[Event "Irish New Year Events-IM2 2020"]
[Site "Dublin"]
[Date "2020.01.03"]
[Round "2.11"]
[White "Baburin, Alexander"]
[Black "Melaugh, Gavin"]
[Result "1-0"]
[ECO "A96"]
[WhiteElo "2419"]
[BlackElo "2076"]
[Annotator "ChessBase"]
[PlyCount "85"]
[EventDate "2020.01.02"]
[EventType "tourn"]
[EventCountry "IRL"]
[SourceTitle "playchess.com"]
[Source "ChessBase"]
[SourceQuality "1"]
[TimeControl "40/5400+30:1800+30"]

1. d4 e6 2. c4 f5 3. g3 Nf6 4. Bg2 Be7 5. Nf3 O-O 6. O-O d6 7. b3 Ne4 8. Bb2 Bf6 9. Nbd2 Nc6 10. Nxe4 fxe4 11. Ne1 d5 12. e3 Ne7 13. f3 Nf5 14. Qe2 c5 15. fxe4 dxe4 16. dxc5 Bxb2 17. Qxb2 Nxe3 18. Rxf8+ Qxf8 19. Qf2 Nxg2 20. Qxf8+ Kxf8 21. Nxg2 Bd7 22. Ne3 Ke7 23. Kf2 Be8 24. Ke2 Bh5+ 25. g4 Bg6 26. h4 h5 27. g5 Rf8 28. Rf1 Rc8 29. b4 a5 30. a3 axb4 31. axb4 Ra8 32. Rd1 Ra2+ 33. Rd2 Ra1 34. b5 Rh1 35. Rd6 Rh2+ 36. Kf1 Rh3 37. Kf2 Rf3+ 38. Ke2 Rh3 39. Kf2 Rh2+ 40. Kg3 Re2 41. Kf4 Bh7 42. g6 Bxg6 43. Rb6 1-0

[Event "Irish New Year Events-IM2 2020"]
[Site "Dublin"]
[Date "2020.01.03"]
[Round "2.12"]
[White "Haque, Muhtarim-Ul"]
[Black "Kanyamarala, Trisha"]
[Result "1/2-1/2"]
[ECO "D46"]
[WhiteElo "2045"]
[BlackElo "2195"]
[Annotator "NA"]
[PlyCount "79"]
[EventDate "2020.01.02"]
[EventType "tourn"]
[EventCountry "IRL"]
[SourceTitle "playchess.com"]
[Source "ChessBase"]
[SourceQuality "1"]
[TimeControl "40/5400+30:1800+30"]

1. d4 Nf6 2. c4 e6 3. Nc3 d5 4. Nf3 c6 5. e3 Bd6 6. Bd3 Nbd7 7. O-O dxc4 8. Bxc4 b5 {[%emt 0:00:09] D46: Semi-Slav: 5 e3 Nbd7 6 Bd3, Black avoids the Meran} (8... O-O 9. e4 e5 10. Be3 Qe7 11. Bb3 exd4 12. Bxd4 Ne5 13. Nxe5 Bxe5 14. Bxe5 Qxe5 15. f4 Qc5+ 16. Kh1 Be6 17. e5 Rad8 18. Qf3 {1-0 (38) Yilmaz,M (2624)-Baryshpolets,A (2603) Ankara 2018}) 9. Bd3 a6 10. Qe2 O-O 11. e4 e5 12. dxe5 Nxe5 13. Nxe5 Bxe5 14. Bg5 $146 ({Predecessor:} 14. Be3 Ng4 15. Rfd1 Bxh2+ 16. Kf1 Qh4 17. Qd2 Nxe3+ 18. Qxe3 Bf4 19. Qe1 Qh1+ 20. Ke2 Qxg2 21. Rdb1 Bg4# {0-1 (21) Gentner,M (2095)-Keim,P (1876) Hoersching 2015}) 14... h6 15. Bh4 Qd6 16. Bg3 Bxg3 17. hxg3 Re8 18. Rfe1 Qe5 19. Nd1 c5 20. Ne3 c4 21. Bc2 Bb7 22. f4 Qc5 23. e5 Nd5 24. Kh2 Nxe3 25. Qxe3 Qxe3 26. Rxe3 Rad8 27. Re2 Re7 28. f5 Bc8 29. Rf1 Rd5 30. Rfe1 Kf8 31. g4 Rd4 32. Kg3 Bb7 33. Rh1 Rd5 $11 34. g5 Rexe5 35. Rxe5 Rxe5 36. gxh6 gxh6 37. f6 h5 38. Kf4 Re6 39. Kg5 Re5+ 40. Kf4 1/2-1/2

[Event "Irish New Year Events-IM2 2020"]
[Site "Dublin"]
[Date "2020.01.03"]
[Round "2.13"]
[White "Froewis, Georg"]
[Black "Abdulla, Murad"]
[Result "1/2-1/2"]
[ECO "A05"]
[WhiteElo "2470"]
[BlackElo "2257"]
[Annotator "ChessBase"]
[PlyCount "68"]
[EventDate "2020.01.02"]
[EventType "tourn"]
[EventCountry "IRL"]
[SourceTitle "playchess.com"]
[Source "ChessBase"]
[SourceQuality "1"]
[TimeControl "40/5400+30:1800+30"]

1. Nf3 Nf6 2. b3 c5 3. Bb2 Nc6 4. c4 g6 5. g3 Bg7 6. Bg2 O-O 7. O-O d5 8. cxd5 Nxd5 9. Bxg7 Kxg7 10. Qc1 Qd6 11. Nc3 Nxc3 12. Qxc3+ Kg8 13. Rfc1 b6 14. d4 Nxd4 15. Nxd4 cxd4 16. Qc7 Rb8 17. Qxd6 exd6 18. Rd1 Ba6 19. Rxd4 Bxe2 20. Re1 Bb5 21. a4 Rfe8 22. Red1 Bd7 23. Rxd6 Bg4 24. Rc1 Rbd8 25. Rxd8 Rxd8 26. Bf1 Be6 27. Rb1 Rd2 28. Bb5 Kf8 29. Kf1 Bf5 30. Rc1 Bd3+ 31. Bxd3 Rxd3 32. Rb1 Rd2 33. Re1 Rd3 34. Rb1 Rd2 1/2-1/2

[Event "Irish New Year Events-IM2 2020"]
[Site "Dublin"]
[Date "2020.01.03"]
[Round "2.14"]
[White "Alienkin, Aleksander"]
[Black "Carroll, Peter"]
[Result "1-0"]
[ECO "E94"]
[WhiteElo "2382"]
[BlackElo "2087"]
[Annotator "ChessBase"]
[PlyCount "63"]
[EventDate "2020.01.02"]
[EventType "tourn"]
[EventCountry "IRL"]
[SourceTitle "playchess.com"]
[Source "ChessBase"]
[SourceQuality "1"]
[TimeControl "40/5400+30:1800+30"]

1. d4 Nf6 2. Nf3 g6 3. c4 Bg7 4. Nc3 O-O 5. e4 d6 6. Be2 e5 7. O-O exd4 8. Nxd4 Nc6 9. Be3 Re8 10. f3 Nh5 11. Nxc6 bxc6 12. Qd2 c5 13. Rad1 Bb7 14. Qc1 Qe7 15. Bg5 f6 16. Bh4 g5 17. Bf2 f5 18. exf5 Bxc3 19. bxc3 Nf4 20. Bd3 Qf7 21. Qd2 Qh5 22. Bg3 Nxd3 23. Qxd3 g4 24. fxg4 Qxg4 25. f6 Re2 26. Rd2 Re4 27. f7+ Kg7 28. Bxd6 cxd6 29. Qxd6 Qc8 30. Qf6+ Kf8 31. Qh6+ Ke7 32. Qd6# 1-0

[Event "Irish New Year Events-IM2 2020"]
[Site "Dublin"]
[Date "2020.01.03"]
[Round "3.12"]
[White "Carroll, Peter"]
[Black "Han, Yichen"]
[Result "0-1"]
[ECO "C47"]
[WhiteElo "2087"]
[BlackElo "2257"]
[Annotator "NA"]
[PlyCount "94"]
[EventDate "2020.01.02"]
[EventType "tourn"]
[EventCountry "IRL"]
[SourceTitle "playchess.com"]
[Source "ChessBase"]
[SourceQuality "1"]
[TimeControl "40/5400+30:1800+30"]

1. e4 e5 2. Nf3 Nc6 3. Nc3 Nf6 4. g3 d5 5. exd5 Nxd5 6. Bg2 Nxc3 7. bxc3 Bc5 8. O-O Bg4 9. Re1 O-O 10. h3 Bh5 11. g4 Bg6 12. Nxe5 Nxe5 13. Rxe5 Bd6 14. Re1 Qh4 15. d3 f5 16. Rf1 h5 17. gxh5 Bxh5 18. Qd2 f4 19. f3 Rae8 20. Qf2 Be7 21. Bd2 Qxf2+ 22. Rxf2 Bh4 23. Bf1 Bxf2+ 24. Kxf2 Re6 25. Rb1 Rb6 26. Rxb6 axb6 27. d4 g5 28. a3 Bg6 29. Bd3 Bxd3 30. cxd3 Kg7 31. c4 Kg6 32. Bb4 Re8 33. d5 Re3 34. d4 Rd3 35. c5 bxc5 36. Bxc5 b6 37. d6 cxd6 38. Bxd6 Rxd4 39. Be7 Rd2+ 40. Kg1 Kh5 41. a4 Kh4 42. Kf1 Kxh3 43. Bxg5 Kg3 44. Ke1 Ra2 45. Bd8 Kxf3 46. Bxb6 Rxa4 47. Kf1 Ra1# 0-1

[Event "Irish New Year Events-IM2 2020"]
[Site "Dublin"]
[Date "2020.01.03"]
[Round "3.14"]
[White "Kanyamarala, Trisha"]
[Black "Froewis, Georg"]
[Result "1-0"]
[ECO "D32"]
[WhiteElo "2195"]
[BlackElo "2470"]
[Annotator "ChessBase"]
[PlyCount "143"]
[EventDate "2020.01.02"]
[EventType "tourn"]
[EventCountry "IRL"]
[SourceTitle "playchess.com"]
[Source "ChessBase"]
[SourceQuality "1"]
[TimeControl "40/5400+30:1800+30"]

1. d4 e6 2. c4 c5 3. Nf3 cxd4 4. Nxd4 Nc6 5. e3 Nf6 6. Nc3 d5 7. cxd5 exd5 8. Be2 Bd6 9. O-O O-O 10. Bf3 Be5 11. a3 Re8 12. Qd3 Bg4 13. Bxg4 Nxg4 14. h3 Nf6 15. Nf3 Rc8 16. Bd2 Bb8 17. Rfd1 Qd7 18. Be1 Rcd8 19. Nb5 Ne4 20. Nc3 Nf6 21. Nb5 Qe7 22. Nbd4 Ne4 23. Rac1 Ne5 24. Qb3 Nc4 25. Ne2 h5 26. Nc3 Nxc3 27. Bxc3 g5 28. Qc2 Qe4 29. Nxg5 Qxc2 30. Rxc2 b5 31. Nf3 a6 32. Nd4 Rc8 33. Nf5 Be5 34. Bxe5 Rxe5 35. Rxd5 Rxd5 36. Ne7+ Kg7 37. Nxd5 Rd8 38. e4 f5 39. f3 fxe4 40. fxe4 Kf7 41. a4 Nd6 42. Rc7+ Kg6 43. Nf4+ Kf6 44. Nxh5+ Ke5 45. Re7+ Kd4 46. axb5 axb5 47. Ng3 Nc4 48. Rb7 Kc5 49. b3 Nd2 50. Rc7+ Kb4 51. e5 Re8 52. Rc2 Nxb3 53. Re2 Nd4 54. Re4 Kc5 55. Kf2 b4 56. Ne2 Nc6 57. e6 Kd5 58. Ke3 b3 59. Nf4+ Kd6 60. Kd2 Rb8 61. Kc1 Ne7 62. Kb2 Rb5 63. g4 Nc6 64. Nd3 Ke7 65. h4 Na5 66. Nf4 Rc5 67. Ng6+ Kd8 68. e7+ Ke8 69. Rf4 Rc2+ 70. Kb1 Re2 71. Rf8+ Kd7 72. Rd8+ 1-0

[Event "Irish New Year Events-IM2 2020"]
[Site "Dublin"]
[Date "2020.01.03"]
[Round "3.15"]
[White "Melaugh, Gavin"]
[Black "Haque, Muhtarim-Ul"]
[Result "0-1"]
[ECO "A22"]
[WhiteElo "2076"]
[BlackElo "2045"]
[Annotator "NA"]
[PlyCount "70"]
[EventDate "2020.01.02"]
[EventType "tourn"]
[EventCountry "IRL"]
[SourceTitle "playchess.com"]
[Source "ChessBase"]
[SourceQuality "1"]
[TimeControl "40/5400+30:1800+30"]

1. c4 e5 2. Nc3 Bb4 3. e4 Nf6 4. d3 O-O 5. a3 Bxc3+ 6. bxc3 c6 7. Bg5 d6 8. Nf3 Re8 9. Be2 Nbd7 10. O-O Nf8 11. Ne1 h6 12. Be3 Ng6 13. f4 exf4 14. Bxf4 Qb6+ 15. Kh1 Nxf4 16. Rxf4 d5 17. Rb1 Qc7 18. Rxf6 gxf6 19. cxd5 cxd5 20. Qd2 dxe4 21. dxe4 Kg7 22. Nf3 Bd7 23. Rb4 Rad8 24. Nd4 Rxe4 25. Bd3 Re5 26. Rc4 Qd6 27. Qf2 Qxa3 28. Nf3 Qc1+ 29. Bf1 Rf5 30. Qg3+ Kh7 31. Kg1 Bb5 32. Qg4 Rdd5 33. h4 Bxc4 34. Qxc4 Qe3+ 35. Kh2 Qf4+ {[%emt 0:45:54] Ng1} 0-1

[Event "Irish New Year Events-IM2 2020"]
[Site "Dublin"]
[Date "2020.01.04"]
[Round "4.12"]
[White "Froewis, Georg"]
[Black "Melaugh, Gavin"]
[Result "1-0"]
[ECO "A85"]
[WhiteElo "2470"]
[BlackElo "2076"]
[Annotator "RC"]
[PlyCount "51"]
[EventDate "2020.01.02"]
[EventType "tourn"]
[EventCountry "IRL"]
[SourceTitle "playchess.com"]
[Source "ChessBase"]
[SourceQuality "1"]
[TimeControl "5400+30"]

1. Nf3 d6 2. d4 f5 3. c4 e6 4. Nc3 Nf6 5. Qc2 d5 6. Bg5 Be7 7. e3 O-O 8. Bxf6 Rxf6 9. cxd5 Bb4 10. dxe6 Bxe6 11. Bd3 Qe8 12. O-O Qh5 13. Ne2 Bd6 14. Ne5 Kh8 15. Nf4 Qe8 16. Nxe6 Qxe6 17. f4 Nc6 18. a3 Raf8 19. Rf3 Qe7 20. Rh3 g6 21. Rf3 Kg7 22. Rc1 Nd8 23. Qc3 c6 24. g4 fxg4 25. Nxg4 R6f7 26. d5+ 1-0

[Event "Irish New Year Events-IM2 2020"]
[Site "Dublin"]
[Date "2020.01.04"]
[Round "4.13"]
[White "Alienkin, Aleksander"]
[Black "Kanyamarala, Trisha"]
[Result "1/2-1/2"]
[ECO "D39"]
[WhiteElo "2382"]
[BlackElo "2195"]
[Annotator "ChessBase"]
[PlyCount "37"]
[EventDate "2020.01.02"]
[EventType "tourn"]
[EventCountry "IRL"]
[SourceTitle "playchess.com"]
[Source "ChessBase"]
[SourceQuality "1"]
[TimeControl "5400+30"]

1. d4 Nf6 2. Nf3 d5 3. c4 e6 4. Bg5 Bb4+ 5. Nc3 dxc4 6. e4 h6 7. Bxf6 Qxf6 8. Bxc4 c5 9. e5 Qd8 10. d5 exd5 11. Bxd5 O-O 12. O-O Qe7 13. Nb5 Nc6 14. Bxc6 bxc6 15. Qd6 Qb7 16. Nc3 Bf5 17. Rfd1 c4 18. Qd4 Bd3 19. Ne1 1/2-1/2

[Event "Irish New Year Events-IM2 2020"]
[Site "Dublin"]
[Date "2020.01.04"]
[Round "4.14"]
[White "Han, Yichen"]
[Black "Abdulla, Murad"]
[Result "0-1"]
[ECO "A43"]
[WhiteElo "2257"]
[BlackElo "2257"]
[Annotator "ChessBase"]
[PlyCount "80"]
[EventDate "2020.01.02"]
[EventType "tourn"]
[EventCountry "IRL"]
[SourceTitle "playchess.com"]
[Source "ChessBase"]
[SourceQuality "1"]
[TimeControl "5400+30"]

1. d4 Nf6 2. Nf3 c5 3. d5 b5 4. Bg5 Qb6 5. Bxf6 Qxf6 6. c3 g6 7. e4 Qb6 8. Qc2 Bg7 9. Nbd2 O-O 10. a4 b4 11. Nc4 Qc7 12. Bd3 d6 13. O-O Nd7 14. a5 Rb8 15. Rfc1 e6 16. Ne3 Nf6 17. Bc4 e5 18. Bd3 Nh5 19. g3 Bh6 20. Qe2 Ng7 21. cxb4 Rxb4 22. Rc4 Rb8 23. Nh4 f5 24. Rc2 f4 25. Neg2 Rf7 26. gxf4 Bxf4 27. Nxf4 Rxf4 28. Ng2 Rf6 29. Ra3 Bh3 30. Bc4 Bxg2 31. Kxg2 Nh5 32. Kg1 Qd7 33. h3 Rbf8 34. Qg4 Qd8 35. Be2 Rxf2 36. Rcc3 Kh8 37. Rf3 Nf6 38. Qh4 Rxe2 39. Rab3 Rxe4 40. Qh6 Rb4 0-1

[Event "Irish New Year Events-IM2 2020"]
[Site "Dublin"]
[Date "2020.01.04"]
[Round "4.15"]
[White "Daly, Colm"]
[Black "Carroll, Peter"]
[Result "1-0"]
[ECO "B90"]
[WhiteElo "2238"]
[BlackElo "2087"]
[Annotator "ChessBase"]
[PlyCount "65"]
[EventDate "2020.01.02"]
[EventType "tourn"]
[EventCountry "IRL"]
[SourceTitle "playchess.com"]
[Source "ChessBase"]
[SourceQuality "1"]
[TimeControl "5400+30"]

1. e4 c5 2. Nf3 d6 3. d4 cxd4 4. Nxd4 Nf6 5. Nc3 a6 6. a4 e5 7. Nf3 Be7 8. Bg5 Be6 9. Bxf6 Bxf6 10. Nd5 Nd7 11. Bc4 O-O 12. O-O Rc8 13. Qd3 Nc5 14. Qe2 Bxd5 15. Bxd5 Qc7 16. c3 Ne6 17. g3 Kh8 18. Rfd1 Ng5 19. Rd3 Be7 20. Nxg5 Bxg5 21. a5 g6 22. c4 f5 23. exf5 Rxf5 24. Be6 Rcf8 25. Bxf5 Rxf5 26. Rf3 Qf7 27. Rxf5 gxf5 28. Rd1 Be7 29. c5 Qe6 30. cxd6 Bxd6 31. Qd2 Bc7 32. b4 b6 33. Qd7 1-0

[Event "Irish New Year Events-IM2 2020"]
[Site "Dublin"]
[Date "2020.01.04"]
[Round "5.11"]
[White "Carroll, Peter"]
[Black "Baburin, Alexander"]
[Result "0-1"]
[ECO "D00"]
[WhiteElo "2087"]
[BlackElo "2419"]
[Annotator "NA"]
[PlyCount "48"]
[EventDate "2020.01.02"]
[EventType "tourn"]
[EventCountry "IRL"]
[SourceTitle "playchess.com"]
[Source "ChessBase"]
[SourceQuality "1"]
[TimeControl "5400+30"]

1. d4 d5 2. Nc3 Bf5 3. f3 e6 4. Bf4 a6 5. g4 Bg6 6. h4 h5 7. g5 c5 8. e3 Nc6 9. Bd3 cxd4 10. exd4 Bxd3 11. Qxd3 Nge7 12. Nge2 Nf5 13. O-O-O g6 14. Be5 Nxe5 15. dxe5 Bc5 16. Rh2 O-O 17. Kb1 Rc8 18. f4 Bb4 19. a3 Bxc3 20. Nxc3 Qa5 21. Ne2 Rc4 22. Qd2 Qb6 23. Rh3 Rfc8 24. Rc1 Qf2 0-1

[Event "Irish New Year Events-IM2 2020"]
[Site "Dublin"]
[Date "2020.01.04"]
[Round "5.12"]
[White "Abdulla, Murad"]
[Black "Daly, Colm"]
[Result "1-0"]
[ECO "C11"]
[WhiteElo "2257"]
[BlackElo "2238"]
[Annotator "ChessBase"]
[PlyCount "107"]
[EventDate "2020.01.02"]
[EventType "tourn"]
[EventCountry "IRL"]
[SourceTitle "playchess.com"]
[Source "ChessBase"]
[SourceQuality "1"]
[TimeControl "5400+30"]

1. e4 e6 2. d4 d5 3. Nc3 Nf6 4. e5 Nfd7 5. f4 c5 6. Nf3 Nc6 7. Be3 cxd4 8. Nxd4 Bc5 9. Qd2 a6 10. O-O-O O-O 11. Kb1 Bxd4 12. Bxd4 b5 13. Be3 b4 14. Na4 a5 15. Bd3 Ba6 16. Qe2 Qc8 17. Rhf1 Bxd3 18. Rxd3 Ne7 19. g4 Qc6 20. b3 Rac8 21. Bd4 Rc7 22. f5 Rfc8 23. Rd2 Rb8 24. Qe3 Kh8 25. Rf3 Rg8 26. Qg5 Nf8 27. Qf4 Nd7 28. Rh3 g6 29. f6 g5 30. Qe3 Ng6 31. Qxg5 Ngf8 32. Qe3 Rg6 33. Rg3 Qb5 34. Rd3 Rc8 35. h4 h6 36. Qd2 Nh7 37. Rg1 Rcg8 38. Rdg3 Qb8 39. Qe3 Qb5 40. Nb2 Rc8 41. Qd2 Nc5 42. Bxc5 Qxc5 43. Nd3 Qd4 44. Qf2 Qxf2 45. Nxf2 Rgg8 46. Nd3 Nf8 47. g5 hxg5 48. hxg5 Kh7 49. Nf4 Rh8 50. g6+ fxg6 51. Nxg6 Nxg6 52. Rh1+ Kg8 53. Rxg6+ Kf7 54. Rg7+ 1-0

[Event "Irish New Year Events-IM2 2020"]
[Site "Dublin"]
[Date "2020.01.04"]
[Round "5.13"]
[White "Kanyamarala, Trisha"]
[Black "Han, Yichen"]
[Result "1-0"]
[ECO "D10"]
[WhiteElo "2195"]
[BlackElo "2257"]
[Annotator "NA"]
[PlyCount "57"]
[EventDate "2020.01.02"]
[EventType "tourn"]
[EventCountry "IRL"]
[SourceTitle "playchess.com"]
[Source "ChessBase"]
[SourceQuality "1"]
[TimeControl "5400+30"]

1. d4 d5 2. c4 c6 3. cxd5 cxd5 4. Nc3 Nf6 5. Bf4 Nc6 6. e3 Ne4 7. Nge2 Nxc3 8. Nxc3 e6 9. Bd3 Bd6 10. Qg4 Kf8 11. Qg3 Bxf4 12. Qxf4 Qf6 13. Qg3 g6 14. O-O Kg7 15. Rac1 Bd7 16. Rfd1 Rac8 17. e4 Nb4 18. Be2 dxe4 19. Qd6 e3 20. fxe3 Bc6 21. Qxb4 Qg5 22. d5 exd5 23. Qd4+ f6 24. h4 Qg3 25. Rf1 Rhf8 26. Rf3 Qd6 27. Rcf1 Rce8 28. Bd3 Re5 29. Ne4 1-0

[Event "Irish New Year Events-IM2 2020"]
[Site "Dublin"]
[Date "2020.01.04"]
[Round "5.15"]
[White "Haque, Muhtarim-Ul"]
[Black "Froewis, Georg"]
[Result "0-1"]
[ECO "D35"]
[WhiteElo "2045"]
[BlackElo "2470"]
[Annotator "ChessBase"]
[PlyCount "62"]
[EventDate "2020.01.02"]
[EventType "tourn"]
[EventCountry "IRL"]
[SourceTitle "playchess.com"]
[Source "ChessBase"]
[SourceQuality "1"]
[TimeControl "5400+30"]

1. d4 d5 2. c4 e6 3. Nc3 c6 4. cxd5 exd5 5. Nf3 Bf5 6. Bf4 Bd6 7. Bxd6 Qxd6 8. e3 Nf6 9. Be2 Nbd7 10. O-O O-O 11. Nh4 Bg6 12. Nxg6 hxg6 13. Rb1 a5 14. Qc2 Rfe8 15. Bf3 g5 16. Qf5 Nh7 17. e4 g6 18. Qh3 dxe4 19. Nxe4 Qe7 20. Nc3 Ndf6 21. d5 g4 22. Bxg4 cxd5 23. Bd1 d4 24. Nb5 Rad8 25. Bb3 Qe4 26. Qg3 Re5 27. a4 Nh5 28. Qf3 Qxf3 29. gxf3 Ng5 30. Kg2 Nf4+ 31. Kh1 Nxf3 0-1

[Event "Irish New Year Events-IM2 2020"]
[Site "Dublin"]
[Date "2020.01.05"]
[Round "6.12"]
[White "Alienkin, Aleksander"]
[Black "Haque, Muhtarim-Ul"]
[Result "1/2-1/2"]
[ECO "D40"]
[WhiteElo "2382"]
[BlackElo "2045"]
[Annotator "ChessBase"]
[PlyCount "76"]
[EventDate "2020.01.02"]
[EventType "tourn"]
[EventCountry "IRL"]
[SourceTitle "playchess.com"]
[Source "ChessBase"]
[SourceQuality "1"]
[TimeControl "40/5400+30:1800+30"]

1. e4 e6 2. d4 d5 3. Bd3 c5 4. c3 cxd4 5. cxd4 dxe4 6. Bxe4 Nf6 7. Bd3 Nc6 8. Nf3 Be7 9. O-O O-O 10. Nc3 b6 11. a3 Bb7 12. Re1 a6 13. Be3 Qd6 14. d5 Nd8 15. dxe6 Nxe6 16. Bc4 Qc6 17. Bxe6 fxe6 18. Rc1 Ng4 19. Ne2 Nxe3 20. fxe3 Bc5 21. Ned4 Qe4 22. b4 Bd6 23. Qb3 Bd5 24. Qc2 Qg4 25. e4 Bb7 26. h3 Qg3 27. Qf2 Qg6 28. e5 Bxf3 29. Nxf3 Bb8 30. Red1 Ra7 31. Qc2 Qh6 32. Qd2 Qg6 33. Qd3 Qg3 34. Rc4 h5 35. Re4 Raf7 36. Rf1 b5 37. Kh1 Bxe5 38. Rxe5 Rxf3 1/2-1/2

[Event "Irish New Year Events-IM2 2020"]
[Site "Dublin"]
[Date "2020.01.05"]
[Round "6.13"]
[White "Han, Yichen"]
[Black "Melaugh, Gavin"]
[Result "1-0"]
[ECO "A80"]
[WhiteElo "2257"]
[BlackElo "2076"]
[Annotator "NA"]
[PlyCount "39"]
[EventDate "2020.01.02"]
[EventType "tourn"]
[EventCountry "IRL"]
[SourceTitle "playchess.com"]
[Source "ChessBase"]
[SourceQuality "1"]
[TimeControl "40/5400+30:1800+30"]

1. d4 f5 2. Nf3 e6 3. Bf4 Nf6 4. e3 b6 5. Nbd2 Bb7 6. Bd3 Be7 7. h3 O-O 8. c3 Ne4 9. Rg1 c5 10. g4 d5 11. gxf5 exf5 12. Ne5 Nd7 13. Bxe4 dxe4 14. Qb3+ Kh8 15. Nf7+ Rxf7 16. Qxf7 Bf6 17. Nc4 cxd4 18. exd4 Nc5 19. dxc5 Bd5 20. Nd6 1-0

[Event "Irish New Year Events-IM2 2020"]
[Site "Dublin"]
[Date "2020.01.05"]
[Round "6.14"]
[White "Daly, Colm"]
[Black "Kanyamarala, Trisha"]
[Result "0-1"]
[ECO "B67"]
[WhiteElo "2238"]
[BlackElo "2195"]
[Annotator "ChessBase"]
[PlyCount "84"]
[EventDate "2020.01.02"]
[EventType "tourn"]
[EventCountry "IRL"]
[SourceTitle "playchess.com"]
[Source "ChessBase"]
[SourceQuality "1"]
[TimeControl "40/5400+30:1800+30"]

1. e4 c5 2. Nf3 Nc6 3. d4 cxd4 4. Nxd4 Nf6 5. Nc3 d6 6. Bg5 e6 7. Qd2 a6 8. O-O-O Bd7 9. f4 b5 10. Bxf6 gxf6 11. Kb1 Qb6 12. Nf3 h5 13. e5 fxe5 14. fxe5 d5 15. Ne4 O-O-O 16. Neg5 Be8 17. Bd3 Be7 18. h4 Na5 19. Qf4 Nc4 20. Rhe1 Rd7 21. Nh7 Rc7 22. Nf6 Bc6 23. Ng5 Bc5 24. Bxc4 bxc4 25. c3 Rb7 26. Re2 Ba4 27. Rdd2 Qa5 28. Nxd5 exd5 29. Rxd5 Bc6 30. Rdd2 Qc7 31. Qf5+ Bd7 32. Qf6 Rf8 33. Qxa6 Kb8 34. Qf6 Rb6 35. Qf4 f6 36. Nf3 fxe5 37. Qxe5 Bd6 38. Qxh5 Bf5+ 39. Ka1 Ra6 40. a3 Qb6 41. b4 cxb3 42. Re8+ Kb7 0-1

[Event "Irish New Year Events-IM2 2020"]
[Site "Dublin"]
[Date "2020.01.05"]
[Round "6.15"]
[White "Carroll, Peter"]
[Black "Abdulla, Murad"]
[Result "0-1"]
[ECO "B33"]
[WhiteElo "2087"]
[BlackElo "2257"]
[Annotator "ChessBase"]
[PlyCount "182"]
[EventDate "2020.01.02"]
[EventType "tourn"]
[EventCountry "IRL"]
[SourceTitle "playchess.com"]
[Source "ChessBase"]
[SourceQuality "1"]
[TimeControl "40/5400+30:1800+30"]

1. e4 c5 2. Ne2 Nc6 3. d4 cxd4 4. Nxd4 Qb6 5. Nb3 e6 6. Nc3 a6 7. Bd3 Nf6 8. Qe2 d6 9. Be3 Qc7 10. O-O b5 11. f4 Be7 12. Rad1 Bb7 13. a3 Rc8 14. Nd4 Na5 15. Bf2 Nd7 16. e5 dxe5 17. Nxe6 fxe6 18. Qh5+ Kd8 19. Bxb5 axb5 20. Nxb5 g6 21. Nxc7 gxh5 22. Nxe6+ Ke8 23. Ng7+ Kf7 24. Rxd7 Bc6 25. Ra7 Bb5 26. Nf5 Bxf1 27. Nd6+ Ke6 28. Nxc8 Rxc8 29. Rxa5 Bc4 30. Rxe5+ Kf7 31. Bd4 Rd8 32. c3 Rb8 33. b4 Ra8 34. Rxh5 Kg6 35. g4 h6 36. f5+ Kh7 37. Be3 Bf8 38. g5 Be2 39. g6+ Kg8 40. Rh4 Bd3 41. Rf4 Rxa3 42. Bd4 Ra2 43. g7 Bd6 44. Rh4 Ra1+ 45. Kf2 Bxh2 46. Rxh6 Bg1+ 47. Kf3 Rf1+ 48. Kg3 Bxd4 49. cxd4 Rxf5 50. Rh4 Rb5 51. Rg4 Rxb4 52. Kf2 Rb6 53. Ke3 Bg6 54. Rf4 Kxg7 55. Kd2 Bf7 56. Ke3 Kf8 57. Ke4 Ke7 58. Rf2 Rb5 59. Rd2 Kd6 60. Rh2 Bg6+ 61. Kf4 Rf5+ 62. Ke3 Bh5 63. Ra2 Be8 64. Rf2 Rh5 65. Rf6+ Kd5 66. Rf8 Bd7 67. Rd8 Rh7 68. Kd3 Re7 69. Kc3 Kc6 70. Kc4 Re3 71. d5+ Kd6 72. Rh8 Re4+ 73. Kd3 Rg4 74. Rd8 Kc7 75. Rh8 Bb5+ 76. Ke3 Bc4 77. d6+ Kxd6 78. Rd8+ Ke5 79. Re8+ Be6 80. Kf3 Rh4 81. Ke3 Rh3+ 82. Ke2 Kd5 83. Rd8+ Kc4 84. Re8 Bd5 85. Rc8+ Kd4 86. Rd8 Rh2+ 87. Kf1 Ke4 88. Rd7 Kf3 89. Kg1 Rd2 90. Rd8 Kg3 91. Kf1 Bc4+ 0-1

[Event "Irish New Year Events-IM2 2020"]
[Site "Dublin"]
[Date "2020.01.05"]
[Round "7.11"]
[White "Abdulla, Murad"]
[Black "Baburin, Alexander"]
[Result "1/2-1/2"]
[ECO "B03"]
[WhiteElo "2257"]
[BlackElo "2419"]
[Annotator "ChessBase"]
[PlyCount "39"]
[EventDate "2020.01.02"]
[EventType "tourn"]
[EventCountry "IRL"]
[SourceTitle "playchess.com"]
[Source "ChessBase"]
[SourceQuality "1"]
[TimeControl "5400+30"]

1. e4 Nf6 2. e5 Nd5 3. d4 d6 4. c4 Nb6 5. f4 Bf5 6. Nc3 e6 7. Be3 Be7 8. Nf3 O-O 9. Be2 dxe5 10. fxe5 Nc6 11. O-O f6 12. exf6 Bxf6 13. Qd2 Qe7 14. Rad1 Rad8 15. Bf2 Kh8 16. Qe3 Bg4 17. Qe4 Bf5 18. Qe3 Bg4 19. Qe4 Bf5 20. Qe3 1/2-1/2

[Event "Irish New Year Events-IM2 2020"]
[Site "Dublin"]
[Date "2020.01.05"]
[Round "7.12"]
[White "Kanyamarala, Trisha"]
[Black "Carroll, Peter"]
[Result "1-0"]
[ECO "A48"]
[WhiteElo "2195"]
[BlackElo "2087"]
[Annotator "ChessBase"]
[PlyCount "49"]
[EventDate "2020.01.02"]
[EventType "tourn"]
[EventCountry "IRL"]
[SourceTitle "playchess.com"]
[Source "ChessBase"]
[SourceQuality "1"]
[TimeControl "5400+30"]

1. d4 Nf6 2. Nf3 g6 3. e3 Bg7 4. Be2 O-O 5. O-O b6 6. b3 Bb7 7. Bb2 d6 8. c4 Nbd7 9. Nc3 e5 10. d5 Nc5 11. Qc2 a5 12. a3 Bc8 13. Nd2 Nfd7 14. b4 Nb7 15. Nb5 f5 16. f4 Rf7 17. e4 Nf8 18. Bd3 fxe4 19. Nxe4 exf4 20. Bxg7 Kxg7 21. Qb2+ Kg8 22. Nd4 Bd7 23. Nc6 Qh4 24. g3 Qh3 25. Ng5 1-0

[Event "Irish New Year Events-IM2 2020"]
[Site "Dublin"]
[Date "2020.01.05"]
[Round "7.14"]
[White "Haque, Muhtarim-Ul"]
[Black "Han, Yichen"]
[Result "0-1"]
[ECO "D11"]
[WhiteElo "2045"]
[BlackElo "2257"]
[Annotator "ChessBase"]
[PlyCount "106"]
[EventDate "2020.01.02"]
[EventType "tourn"]
[EventCountry "IRL"]
[SourceTitle "playchess.com"]
[Source "ChessBase"]
[SourceQuality "1"]
[TimeControl "5400+30"]

1. d4 d5 2. c4 c6 3. Nf3 Nf6 4. g3 Bf5 5. Bg2 e6 6. O-O h6 7. Nc3 Nbd7 8. Nd2 Be7 9. Re1 O-O 10. e4 dxe4 11. Ndxe4 Nxe4 12. Nxe4 Nf6 13. Nc3 Qb6 14. h3 Rad8 15. d5 cxd5 16. cxd5 Bc5 17. Qf3 Nxd5 18. Na4 Qb4 19. Nc3 Nxc3 20. bxc3 Qb6 21. Bf4 Rd3 22. Qe2 Rxc3 23. Rac1 Rxc1 24. Bxc1 Rd8 25. Be3 Bxe3 26. Qxe3 Qxe3 27. Rxe3 b6 28. Kf1 Rd1+ 29. Ke2 Ra1 30. a3 Ra2+ 31. Kf3 a5 32. Bf1 Rb2 33. g4 Bc2 34. Rc3 Rb3 35. Rxb3 Bxb3 36. Ke4 Kf8 37. Bb5 Ke7 38. f4 Kd6 39. h4 f6 40. g5 fxg5 41. fxg5 hxg5 42. hxg5 Bd5+ 43. Kf4 Bb3 44. Bd3 Ba4 45. Kg4 Be8 46. Kf4 b5 47. Bc2 b4 48. axb4 axb4 49. Kg4 e5 50. Kf5 Bf7 51. Bd3 b3 52. Be4 b2 53. Bb1 Bd5 0-1